 Dungeon Crawl Stone Soup version 0.27.1-33-g824d729ab1 (webtiles) character file.

Game seed: 5812138594733869670

67991 Hortimo the Summoner (level 15, -8/105 HPs)
             Began as a Human Venom Mage on Dec 25, 2021.
             Was the Champion of Fedhas.
             Mangled by a lorocyproca (10 damage)
             ... on level 2 of the Abyss on Dec 26, 2021.
             The game lasted 03:13:44 (33272 turns).

Hortimo the Summoner (Human Venom Mage)            Turns: 33272, Time: 03:13:44

Health: -8/105     AC: 28    Str: 11    XL:     15   Next: 68%
Magic:  4/24       EV: 16    Int: 20    God:    Fedhas [******]
Gold:   121        SH:  5    Dex: 16    Spells: 2/25 levels left

rFire    + . .     SeeInvis .   a - +2 dagger (holy)
rCold    . . .     Faith    .   R - +0 buckler {AC+3}
rNeg     + + .     Spirit   .   A - +3 steam dragon scales
rPois    .         Reflect  .   t - +1 helmet "Oqebbu" {rF+ rN++ Dex+3}
rElec    .         Harm     .   y - scarf {shadows}
rCorr    .         Rampage  +   N - +2 pair of gloves
Will     +....                  j - +2 pair of boots {rampage}
Stlth    ++........             d - amulet of magic regeneration
HPRegen  0.00/turn              Q - +4 ring of protection
MPRegen  0.44/turn              f - +4 ring of protection

@: on berserk cooldown, diseased, slowed, silenced, very slow
A: no striking features
a: Renounce Religion


You were on level 2 of the Abyss.
You worshipped Fedhas.
Fedhas was exalted by your worship.
You visited 3 branches of the dungeon, and saw 20 of its levels.
You visited the Abyss 1 time.
You visited 1 bazaar.

You collected 1953 gold pieces.
You spent 1832 gold pieces at shops.

Inventory:

Hand Weapons
 a - a +2 dagger of holy wrath (weapon)
 b - the +6 quick blade "Bugajaeb" {vamp, *Noise rElec rN+ rCorr}
   (You acquired it in a bazaar)

   It occasionally heals its wielder for a portion of the damage dealt when it
   wounds a living foe.
   rElec:     It insulates you from electricity.
   rN:        It protects you from negative energy.
   *Noise:    It may make noises in combat.
   rCorr:     It protects you from acid and corrosion.
 n - a +0 rapier
 o - a +1 dagger of draining
Missiles
 q - a throwing net
 D - 13 atropa-tipped darts
 P - a curare-tipped dart
Armour
 j - a +2 pair of boots of rampaging (worn)
 t - the +1 helmet "Oqebbu" (worn) {rF+ rN++ Dex+3}
   (You found it on level 4 of the Dungeon)

   Dex:       It affects your dexterity (+3).
   rF:        It protects you from fire.
   rN:        It greatly protects you from negative energy.
 u - the +0 mask of the Dragon {Will+ Slay+3 SInv}
   (You found it on level 1 of the Orcish Mines)

   Slay:      It affects your accuracy & damage with ranged weapons and melee
   (+3).
   SInv:      It lets you see invisible.
   Will:      It increases your willpower.
 y - a scarf of shadows (worn)
 A - +3 steam dragon scales (worn)
 J - a +1 hat of see invisible
 N - a +2 pair of gloves (worn)
 R - a +0 buckler of protection (worn)
Jewellery
 d - an amulet of magic regeneration (around neck)
 f - a +4 ring of protection (right hand)
 h - an amulet of reflection
 F - a +6 ring of strength
 O - a ring of fire
 Q - a +4 ring of protection (left hand)
 X - an amulet of faith
 Y - a ring of ice
 Z - a ring of willpower
Wands
 e - a wand of paralysis (13)
 r - a wand of polymorph (11)
 s - a wand of charming (8)
 B - a wand of flame (70) (quivered)
 I - a wand of digging (13)
 L - a wand of iceblast (17)
Scrolls
 c - 5 scrolls of fog
 m - 6 scrolls of identify
 x - 2 scrolls of noise
 z - 4 scrolls of fear
 C - a scroll of summoning
 G - a scroll of immolation
 M - a scroll of enchant weapon
 S - 6 scrolls of teleportation
 T - 3 scrolls of holy word
 U - a scroll of vulnerability
Potions
 g - 2 potions of attraction
 i - 2 potions of cancellation
 k - 3 potions of lignification
 l - a potion of magic
 p - a potion of berserk rage
 v - a potion of flight
 w - a potion of haste
 E - a potion of ambrosia
 H - 3 potions of heal wounds
 K - a potion of mutation
 V - 3 potions of curing
 W - 4 potions of brilliance


   Skills:
 - Level 6.1 Fighting
 - Level 10.0 Short Blades
 - Level 3.7 Armour
 - Level 7.7 Dodging
 - Level 2.2 Stealth
 - Level 4.0 Shields
 - Level 5.7 Spellcasting
 - Level 4.5 Conjurations
 + Level 13.8 Summonings
 - Level 1.0 Transmutations
 - Level 3.1 Ice Magic
 - Level 3.4 Air Magic
 - Level 9.3 Poison Magic
 + Level 12.2 Invocations
 - Level 3.2 Evocations


You had 2 spell levels left.
You knew the following spells:

 Your Spells              Type           Power      Damage    Failure   Level
a - Sting                 Tmut/Pois      100%       1d8       1%          1
b - Mephitic Cloud        Conj/Pois/Air  28%        N/A       3%          3
c - Poisonous Vapours     Pois/Air       62%        N/A       1%          2
d - Olgreb's Toxic Radia  Pois           43%        N/A       2%          4
e - Summon Ice Beast      Ice/Summ       39%        N/A       3%          4
f - Shadow Creatures      Summ           N/A        N/A       5%          6
g - Ignite Poison         Fire/Tmut/Pois 19%        N/A       8%          3

Your spell library contained the following spells:

 Spells                   Type           Power      Damage    Failure   Level
 Magic Dart               Conj           92%        1d7       1%          1
 Call Imp                 Summ           57%        N/A       1%          2
 Apportation              Tloc           10%        N/A       11%         1
 Passwall                 Tmut/Erth      5%         N/A       13%         2
 Sublimation of Blood     Necr           2%         N/A       16%         2
 Call Canine Familiar     Summ           57%        N/A       1%          3
 Swiftness                Air            19%        N/A       8%          3
 Frozen Ramparts          Ice            36%        1d5       9%          3
 Stone Arrow              Conj/Erth      28%        3d8       13%         3
 Summon Forest            Summ/Tloc      16%        N/A       17%         5
 Summon Mana Viper        Hex/Summ       33%        N/A       17%         5
 Portal Projectile        Hex/Tloc       10%        N/A       32%         3
 Alistair's Intoxication  Tmut/Pois      17%        N/A       34%         5
 Ice Form                 Ice/Tmut       13%        N/A       43%         4
 Petrify                  Tmut/Erth      7%         N/A       65%         4
 Irradiate                Conj/Tmut      8%         3d16      67%         5
 Cause Fear               Hex            2%         N/A       71%         4
 Leda's Liquefaction      Hex/Erth       2%         N/A       71%         4
 Bolt of Magma            Conj/Fire/Erth 5%         4d5       85%         5
 Invisibility             Hex            2%         N/A       100%        6
 Dragon Form              Tmut           4%         N/A       100%        7
 Ozocubu's Refrigeration  Ice            9%         4d6       100%        7
 Ignition                 Fire           2%         3d3       100%        8
 Dragon's Call            Summ           28%        N/A       100%        9
 Shatter                  Erth           2%         3d6*      100%        9


Dungeon Overview and Level Annotations

Branches:
Dungeon (12/15)            Temple (0/1) D:6            Lair (6/6) D:8
 Shoals (0/4) Lair:4        Snake (0/4) Lair:2        Slime (0/5) Lair:5
    Orc (2/2) D:9             Elf (0/3) Orc:2

Altars:
Ashenzari
Cheibriados
Fedhas
Gozag
Hepliaklqana
Nemelex Xobeh
Qazlal
Ru
Trog
Wu Jian
Yredelemnul
The Shining One
Beogh
Jiyva

Shops:
D:8 *   D:10 *   Orc:2 *[(=(

Annotations:
D:5 Grinder
D:11 2 transporters, Stajl's ghost, journeyman TrFi
Lair:1 Joseph
Lair:2 1 runed translucent door, exclusion: hydra, Tzialkovskiy's ghost, journeyman TrBe


Message History

The raiju closely misses you.
You barely miss the raiju.
The raiju is severely wounded.
The raiju bursts into living lightning!
The living lightning hits you.
The raiju blinks!
You hit the raiju but do no damage.
The raiju is severely wounded.
The raiju misses you.
You hit the raiju.
The raiju is severely wounded.
The raiju bites you but does no damage.
You hit the raiju.
The raiju is severely wounded.
Something hits you but does no damage.
Deactivating autopickup; reactivate with Ctrl-A.
You hit the raiju.
The raiju is almost dead.
The raiju bites you but does no damage.
You feel yourself growing ill in the presence of the ancient zyme.
You hit the raiju but do no damage.
The raiju is almost dead.
Something hits you but does no damage.
The raiju bursts into living lightning!
The living lightning hits you!
* * * LOW HITPOINT WARNING * * *
The raiju blinks!
Aiming: Iceblast
Press: ? - help, Shift-Dir - straight line The mass of ice explodes!
The iceblast engulfs the raiju!
You kill the raiju!
Fedhas appreciates your contribution to the ecosystem.
The iceblast engulfs something.
Something hits you!
* * * LOW HITPOINT WARNING * * *
You feel your power leaking away.
You feel much better. Something hits you!!
* * * LOW HITPOINT WARNING * * *
You feel your power leaking away.
You feel ill. Something hits you!
You die...
Fedhas appreciates your contribution to the ecosystem.

... ...##
.... ... ##+#
# ##.## .
#.≈@# ####.##
## # . #x## #
# .R .._....
.#
##.##.##.##.#
#. ####.# # .
$≈? ## ####


You could see an ancient zyme.

Vanquished Creatures
  Snorg (Lair:6)
  2 boulder beetles
  7 hydras
  A centaur warrior (D:11)
  4 ogre magi (Orc:2)
  2 catoblepae
  A deep troll shaman (Lair:6)
  13 two-headed ogres
  16 death yaks
  A lindwurm (Lair:6)
  An orc knight (Orc:1)
  An orc sorcerer (Orc:1)
  2 deep elf zephyrmancers (Orc:1)
  A manticore (Lair:4)
  An ugly thing (D:11)
  10 elephants
  A torpor snail (Lair:5)
  A black mamba (Lair:4)
  9 cane toads
  2 orange demons (D:11)
  3 rime drakes
  13 komodo dragons
  A red devil (D:11)
  A polar bear (Lair:3)
  2 trolls
  A nameless horror (D:9)
  A wind drake (Lair:4)
  25 blink frogs
  2 slime creatures (D:12)
  A raiju (Abyss:2)
  Prince Ribbit (Lair:1)
  A shadow (D:12)
  36 yaks
  A wyvern (Lair:5)
  A small abomination (Abyss:2)
  3 basilisks
  4 steam dragons
  2 wargs
  2 acid dragons
  10 water moccasins
  A large abomination (Abyss:2)
  2 ice beasts (D:6)
  2 black bears
  12 orc warriors
  A swamp drake (Orc:1)
  17 wolves
  21 ogres
  11 centaurs
  2 kobold brigands
  5 bullfrogs
  14 wights
  5 killer bees (D:10)
  2 electric eels (Lair:1)
  4 howler monkeys
  A crimson imp (Abyss:2)
  A bullfrog zombie (D:5)
  2 centaur zombies (D:9)
  3 jellies
  3 hounds (D:6)
  10 orc priests
  2 iguanas
  Ijyb (D:5)
  17 orc wizards
  2 killer bee zombies
  A howler monkey zombie (D:9)
  Robin (D:3)
  2 howler monkey skeletons
  9 adders
  A gnoll (D:6)
  A shadow imp (Orc:1)
  An ufetubus (D:6)
  3 worms
  5 dart slugs
  60 orcs
  8 ball pythons
  9 endoplasms
  2 giant cockroaches (D:1)
  19 goblins
  7 hobgoblins
  10 jackals
  12 kobolds
  2 quokkas
  3 training dummies (Orc:2)
  4 bats
  6 frilled lizards
  3 rats
  3 ballistomycete spores
501 creatures vanquished.

Vanquished Creatures (collateral kills)
  A catoblepas (Lair:5)
  2 elephants (Lair:6)
  2 orange demons (D:11)
  4 black mambas
  2 cane toads (Lair:6)
  3 red devils (D:11)
  2 slime creatures (D:12)
  2 wyverns
  3 water moccasins
  A black bear (Lair:6)
  A crimson imp (Orc:1)
  An iron imp (Orc:1)
  A white imp (Orc:1)
  53 ballistomycete spores
78 creatures vanquished.

Vanquished Creatures (others)
  An orc warrior (Orc:1)
  An ogre (Orc:2)
  An orc wizard (Orc:1)
  7 orcs (Orc:1)
  6 ballistomycete spores
  59 fungi
  69 plants
144 creatures vanquished.

Grand Total: 723 creatures vanquished

Notes
Turn   | Place    | Note
-------+----------+-------------------------------------------
     0 | D:1      | Hortimo the Human Venom Mage began the quest for the Orb.
     0 | D:1      | Reached XP level 1. HP: 13/13 MP: 3/3
    90 | D:1      | Reached XP level 2. HP: 14/19 MP: 0/5
   634 | D:1      | Reached XP level 3. HP: 24/24 MP: 4/6
   684 | D:1      | Reached skill level 1 in Air Magic
   696 | D:1      | Learned a level 3 spell: Mephitic Cloud
  1093 | D:1      | Learned a level 2 spell: Poisonous Vapours
  1284 | D:1      | Reached skill level 1 in Conjurations
  1284 | D:1      | Reached XP level 4. HP: 15/30 MP: 1/7
  2392 | D:2      | Found a faded altar of an unknown god.
  2419 | D:2      | Became a worshipper of the Shining One
  2419 | D:2      | Reached * piety under the Shining One
  2652 | D:3      | Noticed a steam dragon
  2700 | D:3      | Killed a steam dragon
  2701 | D:3      | Reached XP level 5. HP: 35/35 MP: 1/8
  2701 | D:3      | Reached XP level 6. HP: 41/41 MP: 1/9
  2811 | D:3      | Found a blossoming altar of Fedhas.
  2827 | D:3      | Fell from the grace of the Shining One
  2827 | D:3      | Became a worshipper of Fedhas Madash
  3419 | D:3      | Noticed Robin
  3461 | D:3      | Killed Robin
  4087 | D:4      | Identified the +1 helmet "Oqebbu" {rF+ rN++ Dex+3}
  4102 | D:4      | Found a snail-covered altar of Cheibriados.
  4103 | D:4      | Found a sacrificial altar of Ru.
  4149 | D:4      | Reached * piety under Fedhas
  4962 | D:5      | Entered Level 5 of the Dungeon
  5031 | D:5      | Reached XP level 7. HP: 21/46 MP: 10/10
  5215 | D:5      | Found a broken altar of Ashenzari.
  5277 | D:5      | Found a bloodstained altar of Trog.
  5282 | D:5      | Found a glowing golden altar of the Shining One.
  5662 | D:5      | Noticed Ijyb
  5682 | D:5      | Killed Ijyb
  5683 | D:5      | Reached skill level 1 in Invocations
  5872 | D:5      | Noticed Grinder
  6449 | D:6      | Reached XP level 8. HP: 41/58 MP: 3/12
  6562 | D:6      | Reached skill level 5 in Poison Magic
  7257 | D:6      | Learned a level 4 spell: Olgreb's Toxic Radiance
  7408 | D:6      | Found an opulent altar of Gozag.
  7479 | D:6      | Reached ** piety under Fedhas
  7568 | D:6      | Found a staircase to the Ecumenical Temple.
  7612 | D:6      | Reached XP level 9. HP: 48/64 MP: 5/13
  9039 | D:8      | Found a staircase to the Lair.
  9178 | D:8      | Found an ornate altar of the Wu Jian Council.
  9647 | D:8      | Noticed an angel
  9648 | D:8      | Found Wanteyl's Hallowed Reliquary.
  9728 | D:8      | Bought 2 potions of heal wounds for 140 gold pieces
 10241 | D:8      | Paralysed by a centaur for 4 turns
 10252 | D:8      | Reached skill level 5 in Fighting
 10548 | D:8      | Found a sparkling altar of Nemelex Xobeh.
 10583 | D:8      | Reached XP level 10. HP: 49/76 MP: 7/14
 11482 | D:9      | Reached *** piety under Fedhas
 11497 | D:9      | Reached skill level 5 in Dodging
 11623 | D:8      | Bought a scroll of holy word for 105 gold pieces
 11845 | D:9      | Found a staircase to the Orcish Mines.
 11855 | D:9      | Reached skill level 1 in Short Blades
 12879 | D:9      | Noticed a fire dragon
 12930 | D:10     | Entered Level 10 of the Dungeon
 13153 | Lair:1   | Entered Level 1 of the Lair of Beasts
 13153 | Lair:1   | Noticed a cane toad
 13162 | Lair:1   | Killed a cane toad
 13514 | Lair:1   | Noticed a komodo dragon
 13538 | Lair:1   | Killed a komodo dragon
 13649 | Lair:1   | Noticed a komodo dragon
 13696 | Lair:1   | Killed a komodo dragon
 13697 | Lair:1   | Reached skill level 5 in Short Blades
 13697 | Lair:1   | Reached skill level 5 in Invocations
 13790 | Lair:1   | Noticed a cane toad
 13801 | Lair:1   | Killed a cane toad
 14011 | Lair:1   | Noticed a cane toad
 14018 | Lair:1   | Killed a cane toad
 14019 | Lair:1   | Reached XP level 11. HP: 81/81 MP: 15/15
 14137 | Lair:1   | Noticed Joseph
 14217 | Lair:1   | Noticed Prince Ribbit
 14224 | Lair:1   | Reached skill level 1 in Evocations
 14236 | Lair:1   | Killed Prince Ribbit
 15145 | Lair:2   | Found a staircase to the Snake Pit.
 15183 | Lair:2   | Found a runed translucent door.
 15187 | Lair:2   | Noticed a seven-headed hydra
 15192 | Lair:2   | Noticed Tzialkovskiy's ghost (journeyman TrBe)
 15405 | Lair:2   | Reached **** piety under Fedhas
 15838 | Lair:2   | Noticed a six-headed hydra
 15890 | Lair:2   | Killed a six-headed hydra
 17048 | Lair:3   | Reached XP level 12. HP: 65/88 MP: 12/18
 17624 | Lair:3   | Reached skill level 10 in Short Blades
 18185 | Lair:4   | Noticed a death yak
 18186 | Lair:4   | Noticed a death yak
 18189 | Lair:4   | Noticed a death yak
 18190 | Lair:4   | Noticed a death yak
 18214 | Lair:3   | Killed a death yak
 18353 | Lair:4   | Noticed a seven-headed hydra
 18383 | Lair:4   | Killed a seven-headed hydra
 19429 | Lair:4   | Noticed a death yak
 19446 | Lair:4   | Killed a death yak
 19457 | Lair:4   | Killed a death yak
 19458 | Lair:4   | Reached skill level 1 in Summonings
 19467 | Lair:4   | Reached skill level 2 in Summonings
 19493 | Lair:4   | Killed a death yak
 19494 | Lair:4   | Reached skill level 3 in Summonings
 19517 | Lair:3   | Killed a death yak
 19518 | Lair:3   | Reached skill level 4 in Summonings
 19518 | Lair:3   | Reached XP level 13. HP: 51/93 MP: 12/19
 19741 | Lair:4   | Reached skill level 5 in Summonings
 20398 | Lair:4   | Found a staircase to the Shoals.
 20531 | Lair:5   | Noticed a four-headed hydra
 20540 | Lair:5   | Killed a four-headed hydra
 20541 | Lair:5   | Reached skill level 6 in Summonings
 20907 | Lair:5   | Reached skill level 7 in Summonings
 20990 | Lair:5   | Reached skill level 8 in Summonings
 21333 | Lair:5   | Reached skill level 9 in Summonings
 21586 | Lair:5   | Noticed a catoblepas
 21638 | Lair:5   | Killed a catoblepas
 21920 | Lair:5   | Found a staircase to the Slime Pits.
 21920 | Lair:5   | Found a viscous altar of Jiyva.
 22139 | Lair:5   | Noticed a catoblepas
 22176 | Lair:5   | Killed a catoblepas
 22187 | Lair:5   | Reached skill level 10 in Summonings
 22192 | Lair:5   | Learned a level 4 spell: Summon Ice Beast
 22879 | Lair:5   | Reached skill level 1 in Ice Magic
 22993 | Lair:5   | Noticed a seven-headed hydra
 23185 | Lair:5   | Identified the +0 leather armour of Cynicism {-Cast Dex+3
                  | SInv}
 23243 | Lair:6   | Entered Level 6 of the Lair of Beasts
 23289 | Lair:6   | Noticed a six-headed hydra
 23305 | Lair:6   | Killed a six-headed hydra
 23458 | Lair:6   | Noticed Snorg
 23505 | Lair:6   | Noticed a seven-headed hydra
 23512 | Lair:6   | Killed a seven-headed hydra
 23513 | Lair:6   | Reached XP level 14. HP: 89/100 MP: 17/20
 23551 | Lair:6   | Killed Snorg
 23552 | Lair:6   | Reached skill level 11 in Summonings
 24412 | Lair:6   | Reached skill level 5 in Spellcasting
 24476 | Lair:6   | Learned a level 6 spell: Shadow Creatures
 25282 | Lair:6   | Reached skill level 12 in Summonings
 26184 | Lair:6   | Reached skill level 13 in Summonings
 27065 | D:9      | Reached skill level 1 in Shields
 27108 | D:9      | Found a basalt altar of Yredelemnul.
 27441 | Orc:1    | Entered Level 1 of the Orcish Mines
 27491 | Orc:1    | Reached ***** piety under Fedhas
 28352 | Orc:1    | Found the +0 mask of the Dragon {Will+ Slay+3 SInv}
 28654 | Orc:2    | Entered Level 2 of the Orcish Mines
 28673 | Orc:2    | Found a staircase to the Elven Halls.
 28877 | Orc:1    | Reached XP level 15. HP: 51/105 MP: 7/23
 29160 | Orc:2    | Reached skill level 10 in Invocations
 29434 | Orc:2    | Found Unupturch's Firing Range.
 29466 | Orc:2    | Found Estro Urph's Assorted Antiques.
 29466 | Orc:2    | Found Doitedofu's Weapon Boutique.
 29467 | Orc:2    | Found Tanaogut's Armour Boutique.
 29467 | Orc:2    | Found Atoeveif's Jewellery Emporium.
 29493 | Orc:2    | Bought a +2 pair of boots of rampaging for 236 gold pieces
 29518 | Orc:2    | Bought a wand of iceblast (5) for 84 gold pieces
 29518 | Orc:2    | Bought a wand of digging (5) for 168 gold pieces
 29519 | Orc:2    | Bought a +4 ring of protection for 468 gold pieces
 30429 | D:10     | Found a stormy altar of Qazlal.
 30717 | D:10     | Found Horahuykk's Serpentskin Sales.
 30723 | D:10     | Bought the Incunabulum of Venom for 308 gold pieces
 30727 | D:10     | Learned a level 3 spell: Ignite Poison
 30885 | D:10     | Found a hazy altar of Hepliaklqana.
 31256 | D:11     | Noticed Stajl's ghost (journeyman TrFi)
 31991 | D:11     | Found a transporter.
 31995 | D:11     | Found a transporter.
 32384 | D:11     | Found a gateway to a bazaar.
 32396 | Bazaar   | Entered a bazaar
 32439 | Bazaar   | Found Iffe's Assorted Antiques.
 32439 | Bazaar   | Found Pussylig's Jewellery Shoppe.
 32450 | Bazaar   | Bought a scroll labelled OSOCUTUASA for 22 gold pieces
 32450 | Bazaar   | Bought a scroll of enchant armour for 165 gold pieces
 32460 | Bazaar   | Acquired the +6 quick blade "Bugajaeb" {vamp, *Noise rElec
                  | rN+ rCorr}
 32501 | Bazaar   | Found Veown's Book Emporium.
 32523 | Bazaar   | Found Wogi's Magic Scroll Shoppe.
 32550 | Bazaar   | Bought a scroll of fear for 28 gold pieces
 32550 | Bazaar   | Bought a scroll of fear for 28 gold pieces
 32550 | Bazaar   | Bought a scroll of fog for 16 gold pieces
 32550 | Bazaar   | Bought a scroll of fog for 16 gold pieces
 32550 | Bazaar   | Bought a scroll of teleportation for 24 gold pieces
 32550 | Bazaar   | Bought a scroll of teleportation for 24 gold pieces
 33121 | D:12     | Reached ****** piety under Fedhas
 33125 | D:12     | Cast into level 2 of the Abyss (a wizard)
 33158 | Abyss:2  | Identified the +1 ring mail of Iquetog {*Corrode rElec
                  | Str+5 Dex+3}
 33212 | Abyss:2  | Found a corrupted altar of Lugonu.
 33272 | Abyss:2  | HP: 2/105 [something (23)]
 33272 | Abyss:2  | Mangled by a lorocyproca

Illustrated notes

Levels and vault maps discovered:
D:1:      minmay_arrival_split_and_join, layout_rooms
D:2:      layout_rooms, shapermc_ecumenical_altar_petra,
          kennysheep_generic_room_11
D:3:      kennysheep_goblin_castle, layout_loops_ring, fedhas_altar_1
D:4:      layout_loops_ring, nicolae_overflow_hidden_temple
D:5:      layout_rooms, minmay_overflow_temple_star_quad, uniq_ijyb,
          uniq_grinder
D:6:      layout_basic, grunt_gozag_statues, minmay_temple_entry_purple_smoke,
          minmay_pentangle
D:7:      layout_basic
D:8:      layout_layer_cave, nzn_wu_jian_council_hall,
          mainiacjoe_overflow_small_starburst, lair_entry_dummy,
          nicolae_good_shop
D:9:      layout_loops_ring, mainiacjoe_overflow_surrounded_room, david_orc_3,
          hangedman_decor_peaks_small, evilmike_minifort
D:10:     layout_roguey, mainiacjoe_overflow_alcove_1, grunt_qazlal_clouds,
          guppyfry_shop_venom
D:11:     layout_long_grid, serial_shops, freezing_bzr, gammafunk_ghost_arena,
          corexii_corridor_pit, minmay_beelzebubs_servants
D:12:     minmay_connected_triangles_in_corner, layout_irregular_city
Lair:1:   layout_roguey, grunt_megastairs_4, infiniplex_staircase_pool,
          serial_bayou_shore_b, serial_bayou_shore_b, uniq_prince_ribbit2,
          uniq_joseph
Lair:2:   layout_cave_pods, dummy_snake_entry, ebering_ghost_inner_flame,
          st_stairs_6
Lair:3:   layout_roguey
Lair:4:   layout_cave_pods, minmay_shoals_entry_beasts
Lair:5:   nzn_winding_woodlands_stair_cross [nzn_winding_woodlands_5x15_cabin,
          nzn_winding_woodlands_center_triple_pond,
          nzn_winding_woodlands_5x15_parted,
          nzn_winding_woodlands_5x5_checkerboard,
          nzn_winding_woodlands_5x5_closed_star,
          nzn_winding_woodlands_5x15_pockets,
          nzn_winding_woodlands_center_diamonds,
          nzn_winding_woodlands_5x15_concentric], layout_small_grid,
          slime_altar_1, lemuel_fruit_tree
Lair:6:   grunt_lair_end_beastmaster, layout_regular_city,
          infiniplex_staircase_pool_2, uniq_snorg
Orc:1:    layout_caves, basic_altar, hangedman_minor_magic
Orc:2:    st_orc_ogre_mass, layout_caves, nicolae_shop_firing_range
Abyss:2:  base: Lair:3, base: D:6, hangedman_cross_veins

Skill      XL: |  1  2  3  4  5  6  7  8  9 10 11 12 13 14 15 |
---------------+----------------------------------------------+-----
Air Magic      | 2 3 |  3.4
Conjurations   | 1 2 3 4 |  4.5
Poison Magic   | 4 7 9 |  9.3
Spellcasting   | 3 5 |  5.7
Invocations    | 1 3 6 8 9 12 | 12.2
Dodging        | 3 5 7 |  7.7
Fighting       | 3 6 |  6.1
Short Blades   | 5 9 10 | 10.0
Evocations     | 3 |  3.2
Armour         | 3 |  3.7
Summonings     | 4 10 13 | 13.8
Ice Magic      | 3 |  3.1
Shields        | 4 |  4.0
Stealth        | |  2.2
Transmutations | |  1.0

Action                   |  1- 3 |  4- 6 |  7- 9 | 10-12 | 13-15 || total
-------------------------+-------+-------+-------+-------+-------++-------
Melee: Unarmed           |     2 |       |       |       |       ||     2
       Whip              |    15 |    16 |       |       |       ||    31
       Dagger            |     1 |    56 |   185 |   504 |   874 ||  1620
       Rapier            |       |       |       |       |     6 ||     6
       Quick blade       |       |       |       |       |    50 ||    50
Throw: Dart              |       |       |       |     1 |       ||     1
 Cast: Sting             |    46 |    64 |    78 |    80 |    19 ||   287
       Poisonous Vapours |     4 |    33 |    56 |    31 |    78 ||   202
       Mephitic Cloud    |       |     2 |    10 |    36 |    52 ||   100
       Olgreb's Toxic Ra |       |       |     3 |    12 |    99 ||   114
       Summon Ice Beast  |       |       |       |       |    27 ||    27
       Shadow Creatures  |       |       |       |       |     5 ||     5
       Ignite Poison     |       |       |       |       |     2 ||     2
Invok: Grow Ballistomyce |       |       |       |     3 |     7 ||    10
       Wall of Briars    |       |       |       |     7 |     3 ||    10
       Grow Oklob        |       |       |       |       |     1 ||     1
Evoke: Wand              |       |    13 |    34 |    32 |    15 ||    94
  Use: Scroll            |       |     4 |     7 |    10 |    15 ||    36
       Potion            |       |     2 |       |     6 |     5 ||    13
 Stab: Sleeping          |       |     3 |       |     2 |     4 ||     9
       Confused          |       |       |     3 |    21 |    29 ||    53
       Distracted        |       |       |     1 |       |     3 ||     4
       Paralysed         |       |       |       |     3 |       ||     3
       Petrifying        |       |       |       |       |     2 ||     2
       Petrified         |       |       |       |       |     4 ||     4
Armor: Robe              |     3 |    26 |    15 |       |       ||    44
       Steam dragon scal |       |       |    39 |   114 |   220 ||   373
Dodge: Dodged            |    35 |    63 |   164 |   292 |   483 ||  1037
Block: Buckler           |       |       |       |       |   148 ||   148
       Reflection        |       |       |       |       |     2 ||     2
